 Dungeon Crawl Stone Soup version 0.30.0-10-gfe55d96785 (webtiles) character file.

Game seed: 15560552612530589876

5078 qw the Cleaver (level 10, 0/64 HPs)
             Began as a Gargoyle Cinder Acolyte on May 16, 2023.
             Was an Initiate of Okawaru.
             Slain by a fire elemental (5 damage)
             ... created by the fiery vengeance of Ignis
             ... on level 9 of the Dungeon.
             The game lasted 00:04:30 (9612 turns).

qw the Cleaver (Gargoyle Cinder Acolyte)            Turns: 9612, Time: 00:04:30

Health: 0/64       AC: 25    Str: 21    XL:     10   Next: 56%
Magic:  11/11      EV:  6    Int: 16    God:    Okawaru [......]
Gold:   575        SH:  4    Dex:  5    Spells: 11/11 levels left

rFire   . . .        Y - +3 war axe (flame)
rCold   . . .        b - +0 buckler
rNeg    + . .        d - +0 plate armour
rPois   inf          (no helmet)
rElec   +            (no cloak)
rCorr   .            h - +0 pair of gloves
SInv    .            l - +2 pair of boots
Will    .....        (no amulet) Stlth
                     (no ring)
HPRegen 0.30/turn    (no ring)
MPRegen 0.12/turn

%: no passive effects
@: fire susceptible
A: sickness immunity, AC +7, negative energy resistance 1, electricity
resistance, torment resistance 1, petrification resistance
a: Renounce Religion


You were on level 9 of the Dungeon.
You worshipped Okawaru.
Okawaru was noncommittal.
You visited 2 branches of the dungeon, and saw 10 of its levels.

You collected 575 gold pieces.


Innate Abilities, Weirdness & Mutations

You are immune to sickness and miasma.
Your stone body is resilient. (AC +7)
You are immune to poison.
You resist negative energy. (rN+)
You are resistant to electric shocks. (rElec)
You are resistant to unholy torment.
You are immune to petrification.


   Skills:
 - Level 8.2 Fighting
 - Level 10.1 Axes
 + Level 2.5 Throwing
 - Level 7.2 Armour
 - Level 5.1 Shields
 - Level 1.0 Spellcasting
 - Level 3.0 Fire Magic


You had 11 spell levels left.
You didn't know any spells.
Your spell library contained the following spells:

 Spells                   Type           Power      Damage    Failure   Level
 Scorch                   Fire           20%        2d5       92%         2

Inventory:

Hand Weapons
 Y - a +3 war axe of flaming (weapon)
Missiles
 k - 3 boomerangs
 o - a javelin (quivered)
Armour
 b - a +0 buckler (worn)
 d - a +0 plate armour (worn)
 h - a +0 pair of gloves (worn)
 l - a +2 pair of boots (worn)
Scrolls
 g - 3 scrolls of identify
Potions
 a - 3 potions of cancellation
 c - a potion of curing
 e - 2 potions of mutation
 f - a potion of might
 i - 3 potions of haste

Dungeon Overview and Level Annotations

Branches:
Dungeon (9/15)             Temple (1/1) D:7             Orc (0/2) D:9
   Lair: D:8-11

Altars:
Ashenzari
Cheibriados
Dithmenos
Elyvilon
Fedhas
Hepliaklqana
Kikubaaqudgha
Makhleb
Nemelex Xobeh
Okawaru
Qazlal
Ru
Sif Muna
Trog
Uskayaw
Vehumet
Wu Jian
Xom
Yredelemnul
Zin
The Shining One

Shops:
D:8 (


Message History

Ignis calls forth spirits of fire to unmake you! 2 fire elementals come into view.
You barely miss the fire elemental. You barely miss the fire elemental.
The fire elemental barely misses you.
You hit the fire elemental.
The fire elemental is lightly damaged.
You barely miss the fire elemental.
The fire elemental hits you. x2; The fire elemental burns you!
You hit the fire elemental.
The fire elemental is lightly damaged.
You hit the fire elemental.
The fire elemental hits you. x2; The fire elemental burns you!
The fire elemental barely misses you. The fire elemental closely misses you.
You completely miss the fire elemental.
The fire elemental is lightly damaged.
You slash the fire elemental! The fire elemental hits you.
The fire elemental burns you! The fire elemental hits you.
The fire elemental burns you!
You closely miss the fire elemental.
The fire elemental is moderately damaged.
You hit the fire elemental. The fire elemental hits you.
The fire elemental burns you! The fire elemental hits you.
The fire elemental burns you! The fire elemental hits you.
The fire elemental burns you!
You hit the fire elemental.
The fire elemental is heavily damaged.
You hit the fire elemental. The fire elemental hits you.
The fire elemental burns you! The fire elemental hits you.
The fire elemental burns you! The fire elemental closely misses you.
You barely miss the fire elemental.
The fire elemental is heavily damaged.
You slash the fire elemental! You block the fire elemental's attack.
The fire elemental barely misses you.
You hit the fire elemental.
The fire elemental is heavily damaged.
You barely miss the fire elemental. The fire elemental hits you.
The fire elemental burns you!
You die...

#......... #.. #.........
#.. ##........ #..
#.(...... #.. #........
#####.. #........
.......#### ###........
......EE..## #..........
.......@...# ########.##
########...##########.#
.########..............##
.........................
########[................
######..#########..####
....>...#########......
.......................
########...............


You could see 2 fire elementals.

Vanquished Creatures
  Erica (D:7)
  A manticore (D:9)
  A troll (D:7)
  2 hornets (D:7)
  Prince Ribbit (D:9)
  A wyvern (D:8)
  A steam dragon (D:8)
  3 orc warriors
  3 sky beasts
  2 ice beasts
  2 black bears
  2 centaurs
  2 phantoms
  A kobold brigand (D:7)
  3 bullfrogs
  3 gnoll sergeants
  3 wights (D:7)
  5 howler monkeys
  2 electric eels (D:7)
  A jelly (D:4)
  3 hounds
  4 orc priests
  2 gnoll boudas
  3 sleepcaps
  Jessica (D:2)
  Terence (D:2)
  3 iguanas (D:5)
  2 orc wizards (D:9)
  16 gnolls
  10 adders
  A white imp (D:3)
  4 ufetubi
  3 worms
  24 orcs
  7 ball pythons
  10 endoplasms
  5 giant cockroaches
  12 goblins
  11 hobgoblins
  5 jackals
  10 kobolds
  2 quokkas (D:4)
  3 bats
  6 frilled lizards
  13 rats
  A spectral hobgoblin (D:8)
202 creatures vanquished.

Notes
Turn   | Place    | Note
-------+----------+-------------------------------------------
     0 | D:1      | qw the Gargoyle Cinder Acolyte began the quest for the Orb.
     0 | D:1      | Reached XP level 1. HP: 14/14 MP: 2/2
     0 | D:1      | 0 ||| qw: Version: 0.2-a-94-gbb182e1
     0 | D:1      | 0 ||| qw: Game counter: 52
     0 | D:1      | 0 ||| qw: Always use a shield: true
     0 | D:1      | 0 ||| qw: God list: Okawaru
     0 | D:1      | 0 ||| qw: Allow faded altars: false
     0 | D:1      | 0 ||| qw: Do Orc after D:15 true
     0 | D:1      | 0 ||| qw: Do second Lair branch before Depths: true
     0 | D:1      | 0 ||| qw: Lair rune preference: random
     0 | D:1      | 0 ||| qw: Plans: Normal
     0 | D:1      | 0 ||| PLANNING D:1-11
    47 | D:1      | Reached skill level 3 in Axes
    71 | D:1      | Reached XP level 2. HP: 15/19 MP: 3/3
   452 | D:1      | 452 ||| Stepping ~*~*~tactically~*~*~ (stealth).
   609 | D:1      | 609 ||| Stepping ~*~*~tactically~*~*~ (hiding).
   610 | D:1      | 610 ||| Stepping ~*~*~tactically~*~*~ (hiding).
   685 | D:1      | Reached XP level 3. HP: 20/23 MP: 4/4
   743 | D:1      | 743 ||| Stepping ~*~*~tactically~*~*~ (hiding).
  1179 | D:1      | 1179 ||| UPGRADING to +0 plate armour.
  1189 | D:1      | 1189 ||| DROPPING +0 robe.
  1190 | D:1      | 1190 ||| DROPPING amulet of magic regeneration.
  1191 | D:1      | 1191 ||| READING scroll labelled MIOMPI JOEPUOMP.
  1192 | D:1      | 1192 ||| READING 2 scrolls labelled TAMEGR ABAO.
  1193 | D:1      | 1193 ||| DRINKING 2 viscous blue potions.
  1285 | D:2      | Noticed Jessica
  1288 | D:2      | 1288 ||| Stepping ~*~*~tactically~*~*~ (hiding).
  1297 | D:2      | Killed Jessica
  1298 | D:2      | Reached XP level 4. HP: 23/28 MP: 5/5
  1345 | D:2      | 1345 ||| Stepping ~*~*~tactically~*~*~ (hiding).
  1346 | D:2      | 1346 ||| Stepping ~*~*~tactically~*~*~ (hiding).
  1347 | D:2      | 1347 ||| Stepping ~*~*~tactically~*~*~ (hiding).
  1349 | D:2      | 1349 ||| Stepping ~*~*~tactically~*~*~ (hiding).
  1350 | D:2      | 1350 ||| Stepping ~*~*~tactically~*~*~ (hiding).
  1351 | D:2      | 1351 ||| Stepping ~*~*~tactically~*~*~ (hiding).
  1357 | D:2      | Reached skill level 4 in Axes
  1502 | D:2      | Noticed Terence
  1521 | D:2      | 1521 ||| INVOKING Fiery Armour.
  1525 | D:2      | Killed Terence
  1699 | D:2      | 1699 ||| Stepping ~*~*~tactically~*~*~ (stealth).
  1704 | D:2      | 1704 ||| Stepping ~*~*~tactically~*~*~ (stealth).
  1785 | D:2      | Reached XP level 5. HP: 32/32 MP: 6/6
  1835 | D:2      | Reached skill level 1 in Throwing
  1918 | D:2      | 1918 ||| UPGRADING to +0 pair of gloves.
  1923 | D:2      | 1923 ||| READING scroll labelled ENOGIA XYEMUM.
  1924 | D:2      | 1924 ||| READING scroll labelled KAHAEL MUECWYL.
  1929 | D:2      | 1929 ||| READING scroll labelled OSCHE QUGAFED.
  1930 | D:2      | 1930 ||| DRINKING 2 silvery potions.
  1971 | D:3      | 1971 ||| INVOKING Fiery Armour.
  2147 | D:3      | 2147 ||| Stepping ~*~*~tactically~*~*~ (stealth).
  2165 | D:3      | 2165 ||| INVOKING Fiery Armour.
  2329 | D:3      | Found a shadowy altar of Dithmenos.
  2372 | D:3      | Reached skill level 5 in Axes
  2774 | D:3      | 2774 ||| READING 3 scrolls labelled ZAKKOQ OGYEVIN.
  2775 | D:3      | 2775 ||| READING scroll labelled HEROERPH JYTUOSM.
  2776 | D:3      | 2776 ||| READING scroll labelled OHYZIA QORCH.
  2777 | D:3      | 2777 ||| DRINKING 2 green potions.
  2778 | D:3      | 2778 ||| DRINKING 2 fizzy ruby potions.
  2779 | D:3      | 2779 ||| READING 2 scrolls of identify.
  2779 | D:3      | 2779 ||| IDENTIFYING brown potion
  2780 | D:3      | 2780 ||| DROPPING potion of invisibility.
  2781 | D:3      | 2781 ||| DROPPING potion of brilliance.
  2782 | D:3      | 2782 ||| DROPPING 2 scrolls of vulnerability.
  2890 | D:4      | Noticed a phantom
  2903 | D:4      | Killed a phantom
  2904 | D:4      | Reached skill level 3 in Armour
  2904 | D:4      | Reached XP level 6. HP: 32/37 MP: 7/7
  3472 | D:4      | 3472 ||| Stepping ~*~*~tactically~*~*~ (hiding).
  3683 | D:4      | 3683 ||| UPGRADING to +0 pair of boots.
  3688 | D:4      | 3688 ||| READING scroll labelled YVU UX SURCH.
  3689 | D:4      | 3689 ||| DRINKING 2 red potions.
  3690 | D:4      | 3690 ||| DRINKING 2 sedimented blue potions.
  3735 | D:4      | 3735 ||| DROPPING potion of degeneration.
  3736 | D:4      | 3736 ||| DROPPING potion of lignification.
  3772 | D:5      | Entered Level 5 of the Dungeon
  3801 | D:5      | 3801 ||| Stepping ~*~*~tactically~*~*~ (stealth).
  3803 | D:5      | 3803 ||| Stepping ~*~*~tactically~*~*~ (hiding).
  3815 | D:5      | 3815 ||| INVOKING Fiery Armour.
  3822 | D:5      | 3822 ||| Stepping ~*~*~tactically~*~*~ (hiding).
  4039 | D:5      | Reached XP level 7. HP: 43/43 MP: 8/8
  4167 | D:5      | 4167 ||| Stepping ~*~*~tactically~*~*~ (stealth).
  4205 | D:5      | 4205 ||| STAIRDANCE
  4279 | D:4      | 4279 ||| READING 2 scrolls of identify.
  4279 | D:4      | 4279 ||| IDENTIFYING fuming red potion
  4280 | D:4      | 4280 ||| DROPPING potion of attraction.
  4392 | D:5      | Reached skill level 6 in Axes
  4468 | D:5      | 4468 ||| Stepping ~*~*~tactically~*~*~ (stealth).
  4521 | D:5      | 4521 ||| INVOKING Fiery Armour.
  4625 | D:5      | 4625 ||| Stepping ~*~*~tactically~*~*~ (stealth).
  4626 | D:5      | 4626 ||| SWAPPING to +0 war axe.
  4752 | D:5      | 4752 ||| Stepping ~*~*~tactically~*~*~ (stealth).
  4814 | D:5      | Reached skill level 7 in Axes
  4827 | D:5      | 4827 ||| SWAPPING to +2 heavy war axe.
  4828 | D:5      | 4828 ||| DROPPING +0 war axe.
  5038 | D:5      | Found a sparkling altar of Nemelex Xobeh.
  5164 | D:5      | 5164 ||| UPGRADING to +2 pair of boots.
  5174 | D:5      | 5174 ||| DROPPING +0 pair of boots.
  5202 | D:6      | 5202 ||| Stepping ~*~*~tactically~*~*~ (hiding).
  5203 | D:6      | 5203 ||| Stepping ~*~*~tactically~*~*~ (stealth).
  5207 | D:6      | 5207 ||| INVOKING Fiery Armour.
  5210 | D:6      | Reached XP level 8. HP: 36/48 MP: 9/9
  5474 | D:6      | Found a glowing golden altar of the Shining One.
  5487 | D:6      | 5487 ||| INVOKING Fiery Armour.
  5488 | D:6      | HP: 12/49 [gnoll sergeant/+0 trident (5)]
  5489 | D:6      | 5489 ||| READING 4 scrolls of teleportation.
  5490 | D:6      | HP: 2/49 [gnoll/+0 spear[a gnoll sergeant] (7)]
  5522 | D:6      | 5522 ||| READING 3 scrolls of teleportation.
  5709 | D:6      | Found a stormy altar of Qazlal.
  5965 | D:6      | Reached skill level 8 in Axes
  6052 | D:6      | 6052 ||| READING 3 scrolls of identify.
  6052 | D:6      | 6052 ||| IDENTIFYING amethyst potion
  6053 | D:6      | 6053 ||| DROPPING potion of ambrosia.
  6090 | D:7      | 6090 ||| Stepping ~*~*~tactically~*~*~ (hiding).
  6091 | D:7      | 6091 ||| Stepping ~*~*~tactically~*~*~ (hiding).
  6092 | D:7      | 6092 ||| Stepping ~*~*~tactically~*~*~ (hiding).
  6228 | D:7      | 6228 ||| INVOKING Fiery Armour.
  6493 | D:7      | Found a shimmering blue altar of Sif Muna.
  6503 | D:7      | Reached skill level 6 in Fighting
  6506 | D:7      | Reached XP level 9. HP: 30/55 MP: 10/10
  6508 | D:7      | 6508 ||| INVOKING Fiery Armour.
  6514 | D:7      | HP: 12/55 [wight/+4 spear (6)]
  6514 | D:7      | HP: 5/55 [gnoll sergeant/+0 trident (7)]
  6515 | D:7      | 6515 ||| READING 2 scrolls of teleportation.
  6701 | D:7      | 6701 ||| Stepping ~*~*~tactically~*~*~ (hiding).
  6821 | D:7      | 6821 ||| Stepping ~*~*~tactically~*~*~ (stealth).
  6822 | D:7      | 6822 ||| Stepping ~*~*~tactically~*~*~ (stealth).
  6823 | D:7      | 6823 ||| Stepping ~*~*~tactically~*~*~ (stealth).
  6832 | D:7      | 6832 ||| INVOKING Fiery Armour.
  6838 | D:7      | Reached skill level 9 in Axes
  6913 | D:7      | Found a staircase to the Ecumenical Temple.
  6948 | D:7      | Found a hide-covered altar of Uskayaw.
  6990 | D:7      | Found a bloodstained altar of Trog.
  6990 | D:7      | Noticed a troll
  6999 | D:7      | 6999 ||| INVOKING Fiery Armour.
  7001 | D:7      | Killed a troll
  7002 | D:7      | Reached skill level 6 in Armour
  7008 | D:7      | HP: 13/56 [bullfrog (4)]
  7009 | D:7      | 7009 ||| READING scroll of teleportation.
  7013 | D:7      | 7013 ||| Stepping ~*~*~tactically~*~*~ (stealth).
  7049 | D:7      | 7049 ||| Stepping ~*~*~tactically~*~*~ (stealth).
  7050 | D:7      | 7050 ||| Stepping ~*~*~tactically~*~*~ (stealth).
  7471 | D:7      | 7471 ||| Stepping ~*~*~tactically~*~*~ (stealth).
  7478 | D:7      | 7478 ||| UPGRADING to +0 buckler.
  7483 | D:7      | 7483 ||| DROPPING ring of wizardry.
  7484 | D:7      | 7484 ||| READING scroll labelled HIGOONLABB.
  7485 | D:7      | 7485 ||| DROPPING +0 hand axe of flaming.
  7486 | D:7      | 7486 ||| READING 3 scrolls of identify.
  7486 | D:7      | 7486 ||| IDENTIFYING fizzy grey potion
  7508 | D:7      | Reached skill level 1 in Shields
  7572 | D:8      | Noticed a hornet
  7572 | D:8      | Noticed a hornet
  7575 | D:8      | 7575 ||| STAIRDANCE
  7587 | D:7      | Killed a hornet
  7588 | D:7      | Reached skill level 3 in Shields
  7660 | D:8      | 7660 ||| STAIRDANCE
  7670 | D:7      | Killed a hornet
  7794 | D:8      | 7794 ||| Stepping ~*~*~tactically~*~*~ (stealth).
  7796 | D:8      | 7796 ||| Stepping ~*~*~tactically~*~*~ (hiding).
  7806 | D:8      | 7806 ||| INVOKING Fiery Armour.
  7817 | D:8      | HP: 14/57 [gnoll/+0 halberd[a gnoll sergeant] (3)]
  7822 | D:8      | HP: 4/57 [gnoll/+0 halberd[a gnoll sergeant] (8)]
  7826 | D:8      | Reached XP level 10. HP: 5/63 MP: 11/11
  7829 | D:8      | 7829 ||| DRINKING 2 potions of curing.
  7829 | D:8      | 7829 ||| (to cure confusion)
  8069 | D:8      | 8069 ||| Stepping ~*~*~tactically~*~*~ (stealth).
  8153 | D:8      | Found a hazy altar of Hepliaklqana.
  8300 | D:8      | Noticed Erica
  8301 | D:8      | 8301 ||| Stepping ~*~*~tactically~*~*~ (hiding).
  8302 | D:8      | 8302 ||| Stepping ~*~*~tactically~*~*~ (hiding).
  8303 | D:8      | 8303 ||| PLANNING D:1-11
  8304 | D:8      | 8304 ||| Stepping ~*~*~tactically~*~*~ (hiding).
  8308 | D:8      | 8308 ||| INVOKING Fiery Armour.
  8313 | D:8      | 8313 ||| STAIRDANCE
  8315 | D:7      | 8315 ||| DRINKING potion of curing.
  8315 | D:7      | 8315 ||| (to cure confusion)
  8317 | D:7      | 8317 ||| Stepping randomly (disturbance).
  8337 | D:7      | HP: 12/63 [something (8)]
  8340 | D:7      | Killed Erica
  8341 | D:7      | Reached skill level 10 in Axes
  8465 | D:7      | 8465 ||| READING 4 scrolls of identify.
  8465 | D:7      | 8465 ||| IDENTIFYING grey potion
  8466 | D:7      | 8466 ||| DROPPING potion of berserk rage.
  8475 | D:8      | 8475 ||| Stepping ~*~*~tactically~*~*~ (stealth).
  8516 | D:8      | 8516 ||| READING scroll of enchant weapon.
  8516 | D:8      | 8516 ||| ENCHANTING +2 war axe of flaming.
  8582 | D:8      | Found Avoushit's Antique Weapon Shoppe.
  8961 | D:8      | 8961 ||| PLANNING TEMPLE
  8991 | Temple   | Entered the Ecumenical Temple
  9028 | Temple   | 9028 ||| PLANNING D:1-11
  9080 | D:9      | Noticed a manticore
  9089 | D:9      | HP: 15/63 [manticore (10)]
  9092 | D:9      | Killed a manticore
  9276 | D:9      | Noticed Prince Ribbit
  9300 | D:9      | Killed Prince Ribbit
  9411 | D:9      | Found an iron altar of Okawaru.
  9412 | D:9      | 9412 ||| PLANNING OKAWARU WORSHIP
  9415 | D:9      | Fell from the grace of Ignis
  9415 | D:9      | Became a worshipper of Warmaster Okawaru
  9416 | D:9      | 9416 ||| PLANNING D:1-11
  9589 | D:9      | Found a staircase to the Orcish Mines.
  9609 | D:9      | HP: 15/64 [fire elemental[the fiery vengeance of Ignis]
                  | (7)]
  9610 | D:9      | HP: 6/64 [fire elemental[the fiery vengeance of Ignis]
                  | (10)]
  9612 | D:9      | Slain by a fire elemental

Levels and vault maps discovered:
D:1:      wander_arrival_lonely_grave, layout_basic, nicolae_hexahallways,
          grunt_decor_fettered, kennysheep_nondescript, st_stairs_8
D:2:      layout_rooms, grunt_decor_one_mirror, minmay_rat_gold_closets,
          uniq_jessica, uniq_terence
D:3:      layout_basic, lemuel_crystal_altar, corexii_shack, minmay_box_of_dots
D:4:      layout_cave_pods, serial_column_ruins, column_ruins_grid_1,
          column_ruins_corridor_straight, column_ruins_open_tiny,
          column_ruins_columns_straight
D:5:      kennysheep_spiral_hall, layout_loops_ring, nemelex_spade_bored_becter,
          chequers_mini_garden, hangedman_decor_slide_cut
D:6:      layout_rooms, nicolae_qazlal_general_emergency, lemuel_tele_altar,
          serial_glass, glass_columns_a, glass_columns_b, glass_columns_b,
          glass_columns_a, glass_columns_a, glass_columns_b, glass_columns_c,
          glass_columns_b, glass_columns_a, glass_columns_b, glass_columns_b
D:7:      layout_loops_cross, nicolae_uskayaw_murder_on_the_dancefloor,
          minmay_temple_entry_tees, nicolae_water_bricks,
          hangedman_feature_mirror
D:8:      layout_loops_corners, nicolae_hepliaklqana_monster_ancestors,
          serial_shops, shop, uniq_erica
D:9:      layout_long_grid, mainiacjoe_overflow_chevrons, orc_0_dummy,
          roderic_batcave, uniq_prince_ribbit1
Temple:   nicolae_temple_ecumenical_triangle

Skill      XL: |  1  2  3  4  5  6  7  8  9 10 |
---------------+-------------------------------+-----
Axes           | 3 4 5 7 8 9 10 | 10.1
Armour         | 2 3 4 5 6 7 |  7.2
Throwing       | 1 2 |  2.5
Fighting       | 4 6 7 8 |  8.2
Shields        | 3 5 |  5.1
Spellcasting   | |  1.0
Fire Magic     | |  3.0

Action                     |  1- 3 |  4- 6 |  7- 9 | 10-12 || total
---------------------------+-------+-------+-------+-------++-------
  Melee: Hand axe          |    99 |   202 |    62 |       ||   363
         Punch             |     1 |     1 |     3 |       ||     5
         War axe           |       |       |   154 |    93 ||   247
  Throw: Javelin           |       |    60 |    22 |     5 ||    87
         Boomerang         |       |     5 |    74 |    28 ||   107
 Invoke: Fiery Armour      |       |     4 |     8 |     1 ||    13
    Use: Scroll            |     2 |     8 |     8 |     2 ||    20
         Potion            |     1 |     5 |       |     2 ||     8
 Armour: Robe              |    20 |       |       |       ||    20
         Plate armour      |    14 |   146 |   288 |    92 ||   540
  Dodge: Dodged            |    26 |    47 |   103 |    31 ||   207
  Block: Buckler           |       |       |    11 |    14 ||    25

Table legend:
 A = Non-vault XP
 B = Vault XP
 C = Vault XP percentage of total XP
 D = Non-vault monster count
 E = Vault monster count
 F = Vault count percentage of total count
                 A         B        C        D         E       F
            +---------+---------+-------+---------+---------+-------
      Total |    5043 |    2212 |  30.5 |     172 |      30 |  14.9
            +---------+---------+-------+---------+---------+-------
        D:1 |      48 |       2 |   4.0 |      29 |       1 |   3.3
        D:2 |      41 |      80 |  66.1 |      16 |       9 |  36.0
        D:3 |     110 |      12 |   9.8 |      20 |       6 |  23.1
        D:4 |     196 |       0 |   0.0 |      18 |       0 |   0.0
        D:5 |     500 |     179 |  26.4 |      29 |       4 |  12.1
        D:6 |     876 |       0 |   0.0 |      18 |       0 |   0.0
        D:7 |    1644 |    1677 |  50.5 |      23 |       7 |  23.3
        D:8 |     844 |       3 |   0.4 |      13 |       2 |  13.3
        D:9 |     784 |     259 |  24.8 |       6 |       1 |  14.3
            +---------+---------+-------+---------+---------+-------
